 Dungeon Crawl Stone Soup version 0.26-a0-466-g989023bd0d (console) character file.

Game seed: 4923481716497412879

(classic levelgen) 3304 pentaxis93 the Blocker (level 10, 0/63 HPs)
             Began as an Octopode Conjurer on July 29, 2020.
             Was a Believer of Kikubaaqudgha.
             Killed from afar by Edmund the raiju (19 damage)
             ... with a living lightning
             ... on level 5 of the Dungeon.
             The game lasted 01:24:35 (14420 turns).

pentaxis93 the Blocker (Octopode Conjurer)         Turns: 14420, Time: 01:24:36

Health: 0/63       AC:  1    Str:  8    XL:     10   Next: 1%
Magic:  9/18       EV: 12    Int: 22    God:    Kikubaaqudgha [**....]
Gold:   298        SH: 12    Dex: 11    Spells: 10/20 levels left

rFire    . . .     SeeInvis .   a - +0 dagger
rCold    . . .     Faith    .   r - +2 kite shield
rNeg     . . .     Spirit   .   (helmet restricted)
rPois    .         Reflect  .   (no amulet)
rElec    .         Harm     .   (no ring)
rCorr    .                      (no ring)
MR       .....                  (no ring)
Stlth    ++++......             (no ring)
HPRegen  0.20/turn              (no ring)
MPRegen  0.16/turn              (no ring)
                                (no ring)
                                (no ring)

@: very slightly contaminated
A: almost no armour, stealthy swim, amphibious, 8 rings, constrict 8, camouflage
1, gelatinous body 1
a: Receive Corpses, Renounce Religion


You were on level 5 of the Dungeon.
You worshipped Kikubaaqudgha.
Kikubaaqudgha was pleased with you.
You visited 1 branch of the dungeon, and saw 9 of its levels.

You collected 460 gold pieces.
You spent 162 gold pieces at shops.


Innate Abilities, Weirdness & Mutations

You cannot wear most types of armour.
You are very stealthy in the water. (Stealth+)
You are amphibious.
You can wear up to eight rings at the same time.
You can use your tentacles to constrict eight enemies at once.
Your skin changes colour to match your surroundings (Stealth+).
Your rubbery body absorbs attacks. (AC +1, EV +1)


   Skills:
 - Level 3.0 Fighting
 - Level 3.1 Dodging
 - Level 6.1 Stealth
 * Level 8.4 Shields
 + Level 5.7 Spellcasting
 - Level 4.0 Conjurations
   Level 0.8 Hexes
 + Level 5.7 Necromancy
 + Level 3.6 Evocations


You had 10 spell levels left.
You knew the following spells:

 Your Spells              Type           Power        Failure   Level
n - Animate Skeleton      Necr           ####..       1%          1
p - Pain                  Necr           ####         1%          1
s - Searing Ray           Conj           ###...       6%          2
v - Vampiric Draining     Necr           ####......   6%          3
z - Magic Dart            Conj           ###.         4%          1
X - Sublimation of Blood  Necr           ####......   3%          2

Your spell library contained the following spells:

 Spells                   Type           Power        Failure   Level
 Animate Dead             Necr           ####......   21%         4
 Dispel Undead            Necr           ####....     21%         4
 Dazzling Flash           Conj/Hex       ###...       24%         3
 Confusing Touch          Hex            #.......     43%         3
 Agony                    Necr           ####....     50%         5
 Gell's Gravitas          Tloc           #.........   54%         3
 Fulminant Prism          Conj/Hex       ###.......   63%         4
 Iskenderun's Mystic Bla  Conj/Tloc      ###.....     67%         4
 Borgnjor's Vile Clutch   Necr/Erth      ###.......   88%         5
 Petrify                  Tmut/Erth      #.......     91%         4
 Death Channel            Necr           ####......   97%         6
 Metabolic Englaciation   Hex/Ice        #.........   99%         5
 Yara's Violent Unravell  Hex/Tmut       #.........   99%         5

Inventory:

Hand Weapons
 a - a +0 dagger (weapon)
   (You took it off a goblin on level 1 of the Dungeon)
 c - a +0 short sword
   (You took it off a kobold on level 1 of the Dungeon)
 F - a +0 hand axe of flaming
   (You took it off an orc on level 7 of the Dungeon)
 K - a +1 trident of venom
   (You took it off an orc on level 7 of the Dungeon)
Missiles
 j - 147 stones (quivered)
 k - 33 bolts
 m - 47 sling bullets
 u - 8 boomerangs
Armour
 r - a +2 kite shield (worn)
   (You found it on level 2 of the Dungeon)
Jewellery
 n - an uncursed ring of stealth {unknown}
   (You found it on level 2 of the Dungeon)
 v - a cursed ring of attention {unknown}
   (You found it on level 3 of the Dungeon)
 y - an uncursed amulet of magic regeneration {unknown}
   (You found it on level 4 of the Dungeon)
 z - an uncursed ring of magical power {unknown}
   (You found it on level 4 of the Dungeon)
Wands
 s - a wand of flame (16)
   (You found it on level 4 of the Dungeon)
 B - a wand of polymorph (15)
   (You found it on level 5 of the Dungeon)
 H - a wand of random effects (18)
   (You found it on level 6 of the Dungeon)
Scrolls
 b - 4 scrolls of teleportation {@r4}
 g - 2 scrolls of fear
 i - 4 scrolls of amnesia
 l - 2 scrolls of blinking {unknown}
 t - a scroll of remove curse {unknown}
 x - 2 scrolls of immolation {unknown}
 D - a scroll of enchant armour {unknown}
 E - a scroll of summoning {unknown}
 I - a scroll of acquirement {unknown}
 J - a scroll of fog {unknown}
Potions
 d - 2 potions of brilliance
 e - a potion of resistance {unknown}
 f - 3 potions of mutation {!q}
 h - 2 potions of invisibility
 o - a potion of heal wounds {@q2}
 p - 2 potions of stabbing
 q - 2 potions of curing {@q1}
 w - a potion of degeneration {unknown}
 A - a potion of berserk rage {unknown}
 C - a potion of might {unknown}
 G - 2 potions of ambrosia

Dungeon Overview and Level Annotations

Branches:
Dungeon (9/15)             Temple (0/1) D:7
   Lair: D:8-11         Orc: D:9-12

Altars:
Dithmenos
Kikubaaqudgha
Okawaru
Qazlal
Trog
Wu Jian
Xom
Zin

Shops:
D:5 *

Annotations:
D:2 1 runed translucent door, Crazy Yiuf
D:5 Edmund
D:7 2 transporters, exclusion: downstairs
D:8 exclusion: hornet

##.......## #.## #....#...# #.##
##..####..# ##.## #..# #..###....
##.. #..# >....... #.. #..#
...!... ▒ ##. ##..# ....... ▒.
##. #...# ....$..!.▒..##..
######...# ................
.<....(.(## ###?...)..........#
######....#####.x†...8!8.8.....##
##....(.h(....#....@.....#
#....######..# #...... #..###
...# ..... #..# #.... ..... #.##
#...# ##[. ### #..# #### ###
#.####..### ######
##.##.....###....# ####
#...............## ##..#
##.....#######...# ##.[.#


You could see Edmund the raiju.


Message History

Aiming: Pain (safe; 2% risk of failure)
Press: ? - help, Shift-Dir - straight line, f/p - bat
Aim: a bat (moderately wounded, chance to defeat MR: 93%)
The bat writhes in agony.
You kill the bat!
Kikubaaqudgha accepts your kill.
You start resting.
HP restored.
Magic restored.
You now have 284 gold pieces (gained 13).
You see here a bat corpse.
There is a stone staircase leading up here.
You see here a mace.
(D) Dungeon (T) Temple
Where to? (Enter - D:2, ? - help)
You see here a mace.
There is a stone staircase leading down here.
You climb downwards.
There is a stone staircase leading up here.
(D) Dungeon (T) Temple
Where to? (Enter - D:3, ? - help)
There is a stone staircase leading down here.
You climb downwards.
There is a stone staircase leading up here.
(D) Dungeon (T) Temple
Where to? (Enter - D:4, ? - help)
There is a stone staircase leading down here.
You climb downwards.
Level annotation: exclusions: centaur and 2 sky beasts, Edmund
There is a stone staircase leading up here.
A jelly comes into view.
Cast which spell? (? or * to list)
Aiming: Pain (safe; 2% risk of failure)
Press: ? - help, Shift-Dir - straight line, f - jelly
Aim: a jelly (wandering, hasn't noticed you, chance to defeat MR: 89%)
The jelly writhes in agony.
Cast which spell? (? or * to list)
Aiming: Pain (safe; 2% risk of failure)
Press: ? - help, Shift-Dir - straight line, f/p - jelly
Aim: a jelly (lightly wounded, chance to defeat MR: 89%)
The jelly writhes in agony.
Cast which spell? (? or * to list)
Aiming: Pain (safe; 2% risk of failure)
Press: ? - help, Shift-Dir - straight line, f/p - jelly
Aim: a jelly (heavily wounded, chance to defeat MR: 89%)
The jelly writhes in agony!
You kill the jelly!
Kikubaaqudgha accepts your kill.
You start resting.
HP restored.
Magic restored.
There are no items here.
There are no items here.
There are no items here.
Unknown command.
There are no items here.
There are no items here.
Unknown command.
Unknown command.
Cast which spell? (? or * to list)
Aiming: Magic Dart (safe; 4% risk of failure)
Press: ? - help, Shift-Dir - straight line, f - sky beast
Aim: a sky beast (asleep)
The magic dart hits the sky beast.
The sky beast is lightly wounded.
Cast which spell? (? or * to list)
You can't see any susceptible monsters within range! (Use Z to cast anyway.) Cast which spell? (? or * to list)
Aiming: Magic Dart (safe; 4% risk of failure)
Press: ? - help, Shift-Dir - straight line, f/p - sky beast
Aim: a sky beast (lightly wounded)
The magic dart hits the sky beast.
The sky beast is lightly wounded.
Evoke which item? (* to show all) (? for menu, Esc to quit)
Aiming: Polymorph
Press: ? - help, Shift-Dir - straight line, f/p - sky beast
Aim: a sky beast (lightly wounded, chance to defeat MR: 55%)
The sky beast resists with significant effort.
Evoke which item? (* to show all) (? for menu, Esc to quit)
Aiming: Polymorph
Press: ? - help, Shift-Dir - straight line, f/p - sky beast
Aim: a sky beast (lightly wounded, chance to defeat MR: 55%)
The sky beast resists with significant effort.
Evoke which item? (* to show all) (? for menu, Esc to quit)
Aiming: Polymorph
Press: ? - help, Shift-Dir - straight line, f/p - sky beast
Aim: a sky beast (lightly wounded, chance to defeat MR: 55%)
The sky beast evaporates and reforms as a steam dragon!
The steam dragon breathes steam at you. The ball of steam hits you!
You are engulfed in a cloud of scalding steam.
There is a stone staircase leading up here.
You climb upwards.
There is a stone staircase leading down here.
You start resting.
HP restored.
You climb downwards.
Level annotation: Edmund
There is a stone staircase leading up here.
Cast which spell? (? or * to list)
Aiming: Searing Ray (safe; 7% risk of failure)
Press: ? - help, Shift-Dir - straight line, f - steam dragon
Aim: a steam dragon The searing ray hits the steam dragon!
The steam dragon is moderately wounded. (Press . to maintain the ray.)
The steam dragon breathes steam at you. The ball of steam hits you!
You are engulfed in a cloud of scalding steam.
The searing ray hits the steam dragon!
The steam dragon is heavily wounded.
The searing ray hits the steam dragon!
The steam dragon is severely wounded.
You finish channeling your searing ray.
You block the steam dragon's attack. The steam dragon barely misses you.
Cast which spell? (? or * to list)
Aiming: Searing Ray (safe; 7% risk of failure)
Press: ? - help, Shift-Dir - straight line, f/p - steam dragon
Aim: a steam dragon (steam, severely wounded)
You miscast Searing Ray.
You are very lightly contaminated with residual magic.
Nothing appears to happen.
The steam dragon breathes steam at you. The ball of steam hits you!!
* * * LOW HITPOINT WARNING * * *
You are engulfed in a cloud of scalding steam.
* * * LOW HITPOINT WARNING * * *
The steam dragon barely misses you. The steam dragon claws you.
* * * LOW HITPOINT WARNING * * *
You feel much better. The steam dragon bites you!
* * * LOW HITPOINT WARNING * * *
You block the steam dragon's attack.
Cast which spell? (? or * to list)
Aiming: Searing Ray (safe; 7% risk of failure)
Press: ? - help, Shift-Dir - straight line, f/p - steam dragon
Aim: a steam dragon (severely wounded, catching its breath)
The searing ray hits the steam dragon!
You kill the steam dragon!
Kikubaaqudgha accepts your kill.
The sky beast returns to its original shape as it dies. (Press . to maintain the ray.)
You climb upwards.
There is a stone staircase leading down here.
You start resting.
Your magical contamination has completely faded away.
You start resting.
Magic restored.
HP restored.
You climb downwards.
Level annotation: Edmund
There is a stone staircase leading up, spattered with blood here.
You see here a sky beast corpse.
Cast which spell? (? or * to list)
There is nothing nearby to animate!
You now have 298 gold pieces (gained 14).
Found a scroll labeled RIKUR ZYUX.
You see here a kite shield.
l - 2 scrolls labeled RIKUR ZYUX (gained 1)
Found a plate armour.
You see here a plate armour.
The centaur shouts!
The centaur wields a +0 shortbow.
The centaur shoots an arrow.
You block the arrow.
The sky beast flickers out of sight!
Deactivating autopickup; reactivate with Ctrl-A.
You see here an arrow.
The centaur shoots an arrow.
The arrow hits you!
You hear a shout!
You see here an arrow.
The centaur shoots an arrow.
You block the arrow.
A sky beast appears from thin air!
Reactivating autopickup.
The centaur shoots an arrow.
The arrow barely misses you.
The centaur unwields a +0 shortbow.
The centaur hits you!
Cast which spell? (? or * to list)
Press: ? - help, Shift-Dir - straight line, f - sky beast
Aim: a sky beast The searing ray hits the centaur!
The centaur is moderately wounded.
The searing ray misses the sky beast. (Press . to maintain the ray.)
You block the centaur's attack. The centaur hits you.
The searing ray hits the centaur.
The centaur is heavily wounded.
The searing ray hits the sky beast!
The sky beast is moderately wounded.
The centaur closely misses you.
The searing ray hits the centaur!
The centaur is almost dead.
The searing ray hits the sky beast.
The sky beast is heavily wounded.
The centaur hits you.
The sky beast flickers out of sight!
Deactivating autopickup; reactivate with Ctrl-A.
The centaur closely misses you.
The searing ray hits the centaur!
You kill the centaur!
Kikubaaqudgha accepts your kill.
The searing ray hits something.
You finish channeling your searing ray.
Cast which spell? (? or * to list)
Press: ? - help, Shift-Dir - straight line The searing ray hits something! (Press . to maintain the ray.)
Something hits you. Something shocks you.
* * * LOW HITPOINT WARNING * * *
The searing ray hits something!
Kikubaaqudgha accepts your kill.
Reactivating autopickup.
You have reached level 10!
You feel agile.
You feel a bit more experienced.
You see here an arrow.
You see here an arrow.
There is a stone staircase leading up, spattered with blood here.
You climb upwards.
There is a stone staircase leading down here.
You start resting.
Magic restored.
HP restored.
You climb downwards.
Level annotation: Edmund
There is a stone staircase leading up, spattered with blood here.
You see here an arrow.
You see here an arrow.
Things that are here:
16 arrows; a +0 shortbow; a centaur corpse Cast which spell? (? or * to list)
You attempt to give life to the dead...
Before your eyes, flesh is ripped from the corpse!
The dead are walking!
Things that are here:
16 arrows; a +0 shortbow You see here an arrow.
Press: ? - help, v - describe, . - travel
Here: a centaur skeleton (friendly)
The floor.
Press: ? - help, v - describe, . - travel
Here: Edmund, wielding a +3 vorpal flail and wearing a +0 ring mail (wandering, hasn't noticed you)
The floor.
Evoke which item? (* to show all) (? for menu, Esc to quit)
Aiming: Polymorph
Press: ? - help, Shift-Dir - straight line, f - Edmund
Aim: Edmund, wielding a +3 vorpal flail and wearing a +0 ring mail (wandering, hasn't noticed you, chance to defeat MR: 56%) Edmund shouts!
Edmund evaporates and reforms as a raiju!
Press: ? - help, v - describe, . - travel
Here: Edmund the raiju The floor.
Unknown command.
Cast which spell? (? or * to list)
You can't see any susceptible monsters within range! (Use Z to cast anyway.) Cast which spell? (? or * to list)
Aiming: Magic Dart (safe; 4% risk of failure)
Press: ? - help, Shift-Dir - straight line, f/p - Edmund
Aim: Edmund the raiju The magic dart hits Edmund!
Edmund is lightly wounded.
A worker ant comes into view.
Edmund bursts into living lightning!
The living lightning hits you!!
Edmund blinks! x2
Cast which spell? (? or * to list)
Aiming: Searing Ray (safe; 6% risk of failure)
Press: ? - help, Shift-Dir - straight line, f/p - Edmund
Aim: Edmund the raiju (lightly wounded)
The searing ray hits Edmund.
Edmund is moderately wounded. (Press . to maintain the ray.)
The worker ant twitches its antennae in your direction.
Edmund bursts into living lightning!
The living lightning hits you!
* * * LOW HITPOINT WARNING * * *
The living lightning hits your centaur skeleton!
Your centaur skeleton is destroyed!
Edmund blinks!
The worker ant bites you!
* * * LOW HITPOINT WARNING * * *
You see here an arrow.
Cast which spell? (? or * to list)
Aiming: Searing Ray (safe; 6% risk of failure)
Press: ? - help, Shift-Dir - straight line, f - worker ant, p - Edmund
Aim: a worker ant You miscast Searing Ray.
You are very lightly contaminated with residual magic.
Nothing appears to happen.
You block the worker ant's attack.
Cast which spell? (? or * to list)
Aiming: Searing Ray (safe; 6% risk of failure)
Press: ? - help, Shift-Dir - straight line, f/p - worker ant
Aim: a worker ant The searing ray hits the worker ant.
The worker ant is moderately wounded. (Press . to maintain the ray.)
You block the worker ant's attack.
The searing ray hits the worker ant!
The worker ant is severely wounded.
You block the worker ant's attack.
The searing ray hits the worker ant!
You kill the worker ant!
Kikubaaqudgha accepts your kill.
Edmund bursts into living lightning!
The living lightning hits you!!
You die...
Kikubaaqudgha rasps: "You have failed me!
Welcome... death!"

Skill      XL: |  1  2  3  4  5  6  7  8  9 |
---------------+----------------------------+-----
Fighting       | 1 2 3 |  3.0
Stealth        | 3 4 5 6 |  6.1
Shields        | 1 2 3 4 6 8 |  8.4
Necromancy     | 1 2 3 4 5 |  5.7
Spellcasting   | 3 4 5 |  5.7
Dodging        | 3 |  3.1
Evocations     | 3 |  3.6
Conjurations   | |  4.0
Hexes          | |  0.8

Action                   |  1- 3 |  4- 6 |  7- 9 | 10-12 || total
-------------------------+-------+-------+-------+-------++-------
Melee: Unarmed           |     5 |       |       |       ||     5
       Constrict         |     3 |     5 |       |       ||     8
       Dagger            |     5 |    18 |     3 |       ||    26
       Tentacles         |       |     3 |       |       ||     3
 Cast: Magic Dart        |    44 |    78 |   110 |     1 ||   233
       Searing Ray       |    13 |    34 |   100 |     2 ||   149
       Animate Skeleton  |       |    10 |    27 |     1 ||    38
       Pain              |       |       |     4 |       ||     4
Evoke: Wand              |       |       |     7 |     1 ||     8
  Use: Scroll            |     1 |     3 |     6 |       ||    10
       Potion            |       |       |     3 |       ||     3
 Stab: Sleeping          |       |     1 |     1 |       ||     2
Armor: Skin              |     1 |     1 |     2 |       ||     4
Dodge: Dodged            |    21 |    27 |    64 |       ||   112
Block: Kite shield       |       |       |    10 |     3 ||    13

Levels and vault maps discovered:
D:1:      shiori_arrival_maze, layout_basic
D:2:      layout_loops_ring, marbit_many_paths, nicolae_overflow_crystal_walls,
          uniq_sigmund, uniq_crazy_yiuf_cottage
D:3:      layout_loops_ring, overflow_temple_1_default,
          minmay_misc_feat_ornament
D:4:      layout_loops_ring, kennysheep_generic_room_10
D:5:      layout_layer_cave, eat_drink_and_be_merry_uskayaw, serial_shops,
          nicolae_shop_window_shopping, minmay_crossroads, uniq_edmund
D:6:      layout_rooms, kennysheep_mini,
          nicolae_dithmenos_through_a_glass_darkly
D:7:      layout_basic, gammafunk_temple_overflow_arena,
          minmay_temple_entry_mini_moons, minivault_22,
          hangedman_abyss_or_decor_stabs, xom_teletrap_fun
D:8:      layout_cave_pods, grunt_temple_overflow_lords_of_destruction,
          grunt_livestock, uniq_erica
D:9:      layout_small_grid, regret_index_temple_of_mockery,
          kennysheep_mini_moat, dpeg_lair_monsters, david_orc_2, minmay_holes

Notes
Turn   | Place    | Note
-------+----------+-------------------------------------------
     0 | D:1      | pentaxis93 the Octopode Conjurer began the quest for the
                  | Orb.
     0 | D:1      | Reached XP level 1. HP: 11/11 MP: 3/3
   121 | D:1      | Reached skill level 1 in Fighting
   246 | D:1      | Reached skill level 3 in Stealth
   325 | D:1      | Reached XP level 2. HP: 18/18 MP: 3/5
   329 | D:1      | Learned a level 2 spell: Searing Ray
   746 | D:1      | Reached skill level 4 in Stealth
  1130 | D:1      | Reached XP level 3. HP: 18/23 MP: 0/6
  1203 | D:1      | Learned a level 3 spell: Dazzling Flash
  1376 | D:2      | Reached skill level 2 in Fighting
  1753 | D:2      | Found a bloodstained altar of Trog.
  1951 | D:2      | Found an ancient bone altar of Kikubaaqudgha.
  1981 | D:2      | Noticed Sigmund
  1982 | D:2      | Became a worshipper of Kikubaaqudgha
  2121 | D:2      | Found a runed translucent door.
  2122 | D:2      | Noticed Crazy Yiuf
  2334 | D:2      | Noticed a phantom
  2634 | D:3      | Reached XP level 4. HP: 29/29 MP: 4/7
  2778 | D:3      | Found an ornate altar of the Wu Jian Council.
  3072 | D:3      | Reached skill level 1 in Shields
  3501 | D:3      | Reached * piety under Kikubaaqudgha
  3501 | D:3      | Identified Kikubaaqudgha's Papyrus of Stolen Souls {god
                  | gift} (Kikubaaqudgha gifted it to you on level 3 of the
                  | Dungeon)
  3501 | D:3      | Received a gift from Kikubaaqudgha
  3551 | D:3      | Learned a level 1 spell: Animate Skeleton
  3787 | D:3      | Reached XP level 5. HP: 34/34 MP: 8/8
  3885 | D:3      | Reached skill level 1 in Necromancy
  4517 | D:4      | Reached skill level 2 in Shields
  4698 | D:4      | Reached skill level 5 in Stealth
  4937 | D:4      | Reached XP level 6. HP: 39/39 MP: 1/10
  5276 | D:4      | Reached skill level 3 in Shields
  5597 | D:4      | Reached skill level 2 in Necromancy
  5855 | D:5      | Entered Level 5 of the Dungeon
  5937 | D:5      | Noticed a sky beast
  5948 | D:5      | Noticed a sky beast
  6084 | D:4      | Reached skill level 3 in Spellcasting
  6434 | D:5      | Reached XP level 7. HP: 45/45 MP: 5/11
  6532 | D:5      | Noticed Edmund
  6992 | D:6      | Found the +7 Kryia's mail coat {PotionHeal*2 rC+}
  7002 | D:6      | Found a shadowy altar of Dithmenos.
  7121 | D:5      | Reached skill level 6 in Stealth
  7121 | D:5      | Reached skill level 4 in Shields
  7456 | D:5      | Reached ** piety under Kikubaaqudgha
  7460 | D:5      | Learned a level 2 spell: Sublimation of Blood
  7464 | D:5      | Learned a level 3 spell: Vampiric Draining
  7466 | D:5      | Learned a level 1 spell: Pain
  7520 | D:5      | Found Ruvvotuk's Assorted Antiques.
  7531 | D:5      | Bought 2 scrolls of identify for 108 gold pieces
  7531 | D:5      | Bought a scroll labeled HODENI ESCHOASM for 27 gold pieces
  7531 | D:5      | Bought a scroll labeled IVIMUK YQEE for 27 gold pieces
  7893 | D:5      | Reached skill level 3 in Necromancy
  8163 | D:5      | Reached XP level 8. HP: 32/51 MP: 5/13
  8542 | D:6      | Reached skill level 5 in Shields
  8821 | D:6      | Reached skill level 3 in Fighting
  8821 | D:6      | Reached skill level 4 in Spellcasting
  8964 | D:6      | Found a stormy altar of Qazlal.
  9399 | D:7      | Noticed a hippogriff
  9413 | D:7      | Killed a hippogriff
  9413 | D:7      | Reached skill level 6 in Shields
  9413 | D:7      | Reached skill level 4 in Necromancy
  9628 | D:7      | Found a staircase to the Ecumenical Temple.
 10096 | D:7      | Reached skill level 3 in Dodging
 10369 | D:7      | Reached *** piety under Kikubaaqudgha
 10369 | D:7      | Identified Kikubaaqudgha's Reference Book on Black Magic
                  | {god gift} (Kikubaaqudgha gifted it to you on level 7 of
                  | the Dungeon)
 10369 | D:7      | Received a gift from Kikubaaqudgha
 10719 | D:7      | Reached XP level 9. HP: 42/55 MP: 7/16
 10791 | D:7      | Found a shimmering altar of Xom.
 10996 | D:7      | Found a transporter.
 11037 | D:7      | Noticed a red ugly thing
 11040 | D:7      | Found a glowing silver altar of Zin.
 11042 | D:7      | Found an iron altar of Okawaru.
 11270 | D:7      | Found a transporter.
 11785 | D:8      | Reached skill level 1 in Evocations
 11788 | D:8      | Reached skill level 7 in Shields
 11788 | D:8      | Reached skill level 5 in Spellcasting
 11909 | D:8      | Reached skill level 5 in Necromancy
 11909 | D:8      | Reached skill level 2 in Evocations
 12436 | D:8      | Noticed a two-headed ogre
 13179 | D:8      | Noticed a hornet
 13221 | D:9      | Noticed a death yak
 13357 | D:2      | Killed Sigmund
 13357 | D:2      | Reached skill level 8 in Shields
 13357 | D:2      | Reached skill level 3 in Evocations
 14234 | D:5      | Reached XP level 10. HP: 30/63 MP: 10/18
 14411 | D:5      | Noticed Edmund
 14411 | D:5      | Edmund changed into Edmund the raiju
 14420 | D:5      | Killed from afar by Edmund the raiju

Vanquished Creatures
  A hippogriff (D:7)
  Sigmund (D:2)
  A wraith (D:8)
  3 hogs (D:8)
  A steam dragon (D:5)
  A human (D:8)
  A water moccasin (D:6)
  An ice beast (D:7)
  A sky beast (D:5)
  A necrophage (D:7)
  2 centaurs (D:5)
  2 bullfrogs (D:5 D:8)
  A scorpion (D:8)
  A howler monkey (D:4)
  A centaur zombie (D:7)
  5 hounds (D:4 D:7 D:8)
  A bullfrog zombie (D:5)
  3 jellies (D:6 D:8 D:5)
  3 orc priests (D:6)
  2 bullfrog skeletons (D:5 D:7)
  A gnoll shaman (D:7)
  2 iguanas (D:7 D:8)
  9 orc wizards (D:5 D:6 D:7)
  10 worker ants (D:4 D:5 D:6 D:8)
  A howler monkey zombie (D:4)
  3 worker ant zombies (D:3 D:4 D:8)
  7 gnolls (D:6 D:7)
  9 adders (D:2 D:3 D:4 D:5 D:6)
  2 ufetubi (D:4)
  2 adder skeletons (D:4 D:6)
  3 worms (D:2 D:3 D:5)
  4 dart slugs (D:2 D:3 D:5)
  5 leopard geckos (D:1 D:3 D:8)
  32 orcs (D:3 D:6 D:4 D:5 D:7)
  A giant cockroach (D:5)
  5 goblins (D:1 D:3)
  5 hobgoblins (D:1 D:2 D:3)
  13 jackals (D:1 D:3 D:7)
  6 quokkas (D:2 D:4 D:5 D:7 D:8)
  6 ball pythons (D:1 D:3 D:4)
  4 bats (D:1 D:2 D:3)
  3 frilled lizards (D:1 D:2 D:3)
  A jackal zombie (D:5)
  9 kobolds (D:1 D:2 D:3 D:7)
  2 leopard gecko skeletons (D:4 D:7)
  A quokka skeleton (D:6)
  A quokka zombie (D:5)
  7 rats (D:1 D:2 D:3)
187 creatures vanquished.

Table legend: (Time is in decaauts)
 A = Elapsed time spent in this place.
 B = Non-inter-level travel time spent in this place.
 C = Inter-level travel time spent in this place.
 D = Time resting spent in this place.
 E = Time spent auto-exploring this place.
 F = Levels seen in this place.
 G = Mean time per level.
                   A        B        C        D        E       F      G
               +--------+--------+--------+--------+--------+-----+--------+
         Total |  14511 |  13610 |    901 |   5386 |   4167 |   9 | 1612.3 |
       Dungeon |  14511 |  13610 |    901 |   5386 |   4167 |   9 | 1612.3 |
               +--------+--------+--------+--------+--------+-----+--------+

Top non-repeatable levels by time:
     D:7: 2927 daAuts
     D:4: 2916 daAuts
     D:3: 1794 daAuts
     D:5: 1732 daAuts
     D:2: 1583 daAuts
     D:1: 1380 daAuts
     D:6: 1205 daAuts
     D:8: 969 daAuts
     D:9: 1 daAuts

Table legend:
 A = Kills in this place as a percentage of kills in entire the game.
 B = Kills by you in this place as a percentage of kills by you in the entire game.
 C = Kills by friends in this place as a percentage of kills by friends in the entire game.
 D = Other kills in this place as a percentage of other kills in the entire game.
 E = Experience gained in this place as a percentage of experience gained in the entire game.
 F = Experience gained in this place divided by the number of levels of this place that you have seen.
                   A       B       C       D       E      F
               +-------+-------+-------+-------+-------+----------------------
         Total | 100.0 | 100.0 |   N/A |   N/A | 100.0 | 524.4
       Dungeon | 100.0 | 100.0 |   N/A |   N/A | 100.0 | 524.4
               +-------+-------+-------+-------+-------+----------------------

Table legend:
 A = Non-vault XP
 B = Vault XP
 C = Vault XP percentage of total XP
 D = Non-vault monster count
 E = Vault monster count
 F = Vault count percentage of total count
                 A         B        C        D         E       F
            +---------+---------+-------+---------+---------+-------
      Total |    3712 |    1008 |  21.4 |     177 |      10 |   5.3
            +---------+---------+-------+---------+---------+-------
        D:1 |      34 |       3 |   8.1 |      20 |       2 |   9.1
        D:2 |      38 |     232 |  85.9 |      13 |       2 |  13.3
        D:3 |     119 |       0 |   0.0 |      39 |       0 |   0.0
        D:4 |     314 |       9 |   2.8 |      16 |       2 |  11.1
        D:5 |    1038 |       0 |   0.0 |      24 |       0 |   0.0
        D:6 |     634 |       0 |   0.0 |      23 |       0 |   0.0
        D:7 |     996 |       0 |   0.0 |      32 |       0 |   0.0
        D:8 |     539 |     764 |  58.6 |      10 |       4 |  28.6
            +---------+---------+-------+---------+---------+-------
